 Dungeon Crawl Stone Soup version 0.18.1-47-g9310371 (webtiles) character file.

69 thejon the Covered (level 4, -1/35 HPs)
             Began as a Human Fighter on June 20, 2016.
             Was an Initiate of the Shining One.
             Killed by divine providence
             ... invoked by an orc priest
              (14 damage)
             ... on level 3 of the Dungeon.
             The game lasted 00:16:36 (1936 turns).

thejon the Covered (Human Fighter)                  Turns: 1936, Time: 00:16:37

Health: -1/35      AC:  6    Str: 17    XL:     4   Next: 42%
Magic:  4/4        EV:  9    Int:  9    God:    the Shining One [......]
Gold:   57         SH:  4    Dex: 12    Spells: 0 memorised, 3 levels left

rFire  . . .     SeeInvis .     a - +0 war axe
rCold  . . .     Gourm    .     b - +0 scale mail
rNeg   . . .     Faith    .     B - +0 buckler
rPois  .         Spirit   .     (no helmet)
rElec  .         Dismiss  .     (no cloak)
rCorr  .         Reflect  .     (no gloves)
SustAt .         Harm     .     (no boots)
MR     .....                    (no amulet)
Stlth  ..........               (no ring)
                                (no ring)

@: glowing, not resistant to hostile enchantments, extremely unstealthy
A: no striking features
a: Renounce Religion


You were on level 3 of the Dungeon.
You worshipped the Shining One.
The Shining One was noncommittal.
You were not hungry.

You visited 1 branch of the dungeon, and saw 3 of its levels.

You collected 57 gold pieces.

Inventory:

Hand Weapons
 a - a +0 war axe (weapon)
 g - a +0 dagger
 j - a +0 short sword
 l - a +0 dagger
 m - a +0 club
 n - a +0 hunting sling
 q - a +0 spear
Missiles
 e - 29 stones (quivered)
 f - 16 bolts
 p - 8 arrows
Armour
 b - a +0 scale mail (worn)
 c - a +0 shield
 i - a +0 scale mail
 k - a +0 leather armour
 r - a cursed +0 robe
 t - a +0 robe
 B - a +0 buckler (worn)
Wands
 s - a wand of slowing (17/48)
Scrolls
 o - a scroll of remove curse {unknown}
 u - a scroll of noise {unknown}
 v - a scroll of fog {unknown}
 y - a scroll of recharging {unknown}
 A - a scroll of identify
Potions
 d - a potion of might
 h - 2 potions of curing {unknown}
 w - a potion of degeneration {unknown}
Comestibles
 x - a meat ration
 z - a beef jerky


   Skills:
 + Level 3.5 Fighting
 + Level 2.3 Axes
 + Level 3.6 Armour
 + Level 0.6 Dodging
 + Level 0.2 Stealth
 + Level 3.5 Shields


You had 3 spell levels left.
You didn't know any spells.

Dungeon Overview and Level Annotations

Branches:
Dungeon (3/15)

Altars:
The Shining One


Message History

The orc priest is lightly wounded.
You block the orc priest's attack. The orc hits you with a mace.
The orc hits you with a mace. The orc priest barely misses you.
A rat comes into view.
The orc priest mumbles some strange prayers to Beogh against you.
Beogh smites you! The rat bites you but does no damage.
You slash the rat!
You kill the rat!
The orc priest miscasts a cantrip.
You hit the orc.
The orc is almost dead.
The orc hits you with a mace.
You closely miss the orc.
The orc is almost dead.
You block the orc's attack.
The orc priest mumbles some strange prayers to Beogh against you.
Beogh smites you!
You die...

.# .# ......# # .#
.# P. ..... . .#
##.. P..## # ....
#.. ...# # .###
#### ##.. ..# # .#
#... ..# #.# # .#
... #.# #(### ##
#.###.#########o...
#.@oooo.o.......###
####...####o##### #
##### #.# # ..# #
.... . ##### #


You could see an orc priest and 4 orcs.

Vanquished Creatures
  Jessica (D:2)
  An adder (D:2)
  2 oozes
  2 giant geckos (D:1)
  A bat (D:3)
  A giant cockroach (D:1)
  6 goblins
  2 hobgoblins
  A quokka (D:2)
  2 giant newts
  4 kobolds
  2 rats (D:3)
  A withered plant (D:3)
26 creatures vanquished.

Notes
Turn   | Place    | Note
--------------------------------------------------------------
     0 | D:1      | thejon the Human Fighter began the quest for the Orb.
     0 | D:1      | Reached XP level 1. HP: 18/18 MP: 1/1
   122 | D:1      | Reached XP level 2. HP: 19/24 MP: 2/2
   721 | D:2      | Noticed Jessica
   724 | D:2      | Killed Jessica
   724 | D:2      | Reached XP level 3. HP: 29/29 MP: 3/3
  1089 | D:2      | Found a glowing golden altar of the Shining One.
  1097 | D:2      | Reached XP level 4. HP: 30/35 MP: 4/4
  1109 | D:2      | Became a worshipper of the Shining One
  1936 | D:3      | Killed from afar by an orc priest

Action                   |  1- 3 |  4- 6 || total
-------------------------+-------+-------++-------
Melee: War axe           |    36 |    40 ||    76
       Short sword       |     1 |       ||     1
Throw: Stone             |       |     9 ||     9
  Use: Scroll            |     2 |       ||     2
  Eat: Bread ration      |       |     1 ||     1
Armor: Scale mail        |    21 |    18 ||    39
Dodge: Dodged            |    11 |    11 ||    22
Block: Shield            |    20 |    18 ||    38
       Buckler           |       |     2 ||     2
